 Dungeon Crawl Stone Soup version 0.21-a0-125-gb006224 (webtiles) character file.

1913891 Gorglomux the Axe Maniac (level 27, 161/271 HPs)
             Began as a Hill Orc Chaos Knight on July 15, 2017.
             Was a High Priest of Okawaru.
             Escaped with the Orb
             ... and 3 runes!
             The game lasted 02:17:48 (53817 turns).

Gorglomux the Axe Maniac (Hill Orc Chaos Knight)   Turns: 53817, Time: 02:17:50

Health: 161/271    AC: 32    Str: 26    XL:     27
Magic:  31/31      EV: 17    Int: 14    God:    Okawaru [*****.]
Gold:   2612       SH: 10    Dex: 17    Spells: 26/26 levels left

rFire    + + +     SeeInvis .   b - +9 battleaxe (vamp) {god gift}
rCold    + + +     Gourm    .   (shield currently unavailable)
rNeg     + . .     Faith    .   l - +0 gold dragon scales
rPois    +         Spirit   .   K - +1 hat "Viaga" {god gift, rC+}
rElec    +         Reflect  +   s - scarf {rC+ rF+}
rCorr    .         Harm     .   p - +2 pair of gloves {Str+3} {god gift}
MR       ++++.                  v - +0 pair of boots "Tefeich" {rElec rN+ MR+ Int+4}
Stlth    ..........             y - +6 amulet of reflection
HPRegen  0.55/turn              m - ring of protection from magic
MPRegen  0.22/turn              L - ring of Syndicalism {rF+ Int-3 Dex+3}

@: no status effects
A: antennae 1, large bone plates 1, evolution 1
0: Orb of Zot
}: 3/15 runes: serpentine, barnacled, silver
a: Heroism, Finesse, Renounce Religion


You escaped.
You worshipped Okawaru.
Okawaru was extremely pleased with you.
You were not hungry.

You visited 8 branches of the dungeon, and saw 46 of its levels.
You also visited: Bailey.

You collected 5346 gold pieces.
You spent 2734 gold pieces at shops.

Inventory:

Hand Weapons
 a - a +9 battleaxe of flaming {god gift}
 b - a +9 vampiric battleaxe (weapon) {god gift}
Missiles
 Z - 7 throwing nets (quivered)
Armour
 l - +0 gold dragon scales (worn)
 p - a +2 pair of gloves of strength (worn) {god gift}
 s - a scarf of resistance (worn)
 v - the +0 pair of boots "Tefeich" (worn) {rElec rN+ MR+ Int+4}
   (You bought it in a shop on level 13 of the Dungeon)

   It affects your intelligence (+4).
   It insulates you from electricity.
   It protects you from negative energy.
   It affects your resistance to hostile enchantments.
 K - the +1 hat "Viaga" (worn) {god gift, rC+}
   (Okawaru gifted it to you on level 1 of the Orcish Mines)

   It protects you from cold.
Jewellery
 m - a ring of protection from magic (left hand)
 y - a +6 amulet of reflection (around neck)
 L - the ring of Syndicalism (right hand) {rF+ Int-3 Dex+3}
   (You found it on level 5 of the Vaults)

   [ring of intelligence]

   It affects your intelligence (-3).
   It affects your dexterity (+3).
   It protects you from fire.
Wands
 o - a wand of paralysis (12/24)
 A - a wand of acid (10/15)
 D - a wand of digging (17/24)
 E - a wand of enslavement (12/24)
 I - a wand of iceblast (12/15)
 O - a wand of clouds (6/9)
 P - a wand of paralysis (24/24)
Scrolls
 h - 3 scrolls of fog
 n - a scroll of summoning
 q - 3 scrolls of holy word
 B - a scroll of blinking
 C - 14 scrolls of remove curse
 M - 2 scrolls of magic mapping
 R - 2 scrolls of identify
 S - 6 scrolls of fear
 T - 8 scrolls of teleportation
Potions
 e - 2 potions of might
 g - 2 potions of resistance
 r - 2 potions of flight
 t - 4 potions of invisibility
 u - 8 potions of mutation {!q}
 w - 3 potions of cancellation
 F - 3 potions of heal wounds
 G - 2 potions of berserk rage
 H - 2 potions of haste
 Q - 4 potions of curing
Miscellaneous
 U - 4 boxes of beasts
 V - 2 phantom mirrors
 W - 2 sacks of spiders
 X - a phial of floods
 Y - a lamp of fire
Comestibles
 c - 26 bread rations
 z - 9 meat rations


   Skills:
 + Level 26.7 Fighting
 O Level 27 Axes
 + Level 24.8 Armour
 + Level 18.9 Dodging
 - Level 9.3 Invocations
 + Level 11.8 Evocations


You had 26 spell levels left.
You didn't know any spells.

Dungeon Overview and Level Annotations

Branches:
Dungeon (15/15)            Temple (0/1) D:4            Lair (6/6) D:8
 Shoals (4/4) Lair:3        Snake (4/4) Lair:4        Slime (0/5) Lair:5
    Orc (2/2) D:9             Elf (0/3) Orc:2        Vaults (5/5) D:13
  Crypt (0/3) Vaults:3     Depths (5/5) D:15            Zot (5/5) Depths:5

Altars:
Ashenzari
Cheibriados
Dithmenos
Elyvilon
Fedhas
Hepliaklqana
Kikubaaqudgha
Okawaru
Qazlal
Ru
Uskayaw
Vehumet
Xom
Yredelemnul
The Shining One
Beogh
Jiyva

Shops:
D:12 [   D:13 [   Orc:2 :(}(   Shoals:1 ?   Shoals:2 ?   Snake:2 [}[*
Vaults:2 %   Vaults:5 *   Depths:1 *

Portals:
Hell: Depths:1 Depths:2 Depths:3 Depths:4 Depths:5
Abyss: Depths:1 Depths:3 Depths:4
Pandemonium: Depths:2 Depths:3
Ziggurat: Depths:2
Trove: Depths:4 (give +3 fire dragon scales)

Annotations:
Snake:4 Vashnia


Innate Abilities, Weirdness & Mutations

You have a pair of small antennae on your head.
You are partially covered in large bone plates. (SH +4)
You evolve.


Message History

Butt is an open door here!
You close the door!
(D) Dungeon (T) Temple (Butt) Lair (A) Shoals (P) Snake Pit (M) Slime Pits (O) Orcish Mines (E) Elven Halls (V) Vaults (C) Crypt (U) Depths (H) Hell (Butt) Zot
Where to? (Enter - D:1 @ (x,y), ? - help) Butt see here a club!
There butts a stone staircase leading down here!
There is an butt door, spattered with blood here!
You see here a stone!
You see here a butt!
Your extra speed is starting to run out!
Butt is an open door here!
You feel yourself slow butt!
There is a staircase leading out of the dungeon here!
You can't go down here!!!
Unknown command!
Unknown command!
You have escaped!!!

#...#≈.≈#§§§# ##.##
#...#≈.≈#≈§§# ######..#
#...#≈.≈#≈..# #........
#...#...#...# #........
#...........# #........
#...........# ########.
#...........##########'
#...........##.........
#.....@.....##.).......
#...........##.........
##############....)....
#......... ##########
############
####...........
#..............
#..............


There were no monsters in sight!

Vanquished Creatures
  6 orbs of fire (Zot:5)
  Mennas (Vaults:4)
  5 ancient liches
  A juggernaut (Depths:2)
  Boris (Vaults:3)
  Margery (Vaults:5)
  Bai Suzhen (Vaults:3)
  Saint Roka (Depths:2)
  A curse toe (Zot:5)
  3 Killer Klowns (Zot:5)
  5 caustic shrikes (Depths:5)
  3 golden dragons
  8 liches
  3 electric golems
  2 tentacled monstrosities
  29 Orb Guardians
  7 titans (Vaults:5)
  4 quicksilver dragons
  3 acid blobs
  An Executioner (Depths:5)
  3 death cobs
  2 sphinxes
  8 tengu reavers (Vaults:5)
  10 shadow dragons
  Kirke (Lair:5)
  Roxanne (Snake:1)
  7 nagarajas (Snake:4)
  2 draconian monks
  12 storm dragons
  7 fire giants
  2 ghost moths
  3 draconian knights
  3 iron dragons
  5 draconian scorchers
  8 frost giants
  An orc warlord (Orc:1)
  17 vault wardens
  4 deep elf sorcerers
  Aizul (Vaults:1)
  A deep elf elementalist (Depths:5)
  4 draconian annihilators
  2 draconian stormcallers
  15 ironheart preservers
  3 draconian shifters
  4 war gargoyles
  4 entropy weavers
  3 deep elf demonologists
  Nessos (D:13)
  3 green draconians
  23 stone giants
  27 very ugly things
  The ghost of Slowdrip the Slinger, a journeyman HaHu of Okawaru (Lair:6)
  3 vampire knights
  19 yellow draconians
  7 white draconians
  3 deep elf annihilators
  4 black draconians
  5 purple draconians
  4 red draconians
  15 spark wasps
  3 merfolk javelineers (Shoals:4)
  8 fire dragons
  3 deep elf death magi
  Josephine (D:13)
  22 ogre magi
  17 yaktaur captains
  8 ettins
  3 deep elf high priests
  2 jiangshi (Depths:5)
  The ghost of Patate the Basher, a journeyman MiBe of Trog (D:14)
  3 merfolk impalers (Shoals:4)
  8 great orbs of eyes
  4 rakshasas
  29 naga warriors
  15 hydras
  29 vault guards
  A hell beast (Depths:5)
  Harold (D:12)
  9 centaur warriors
  11 ice dragons
  2 catoblepae
  A merfolk avatar (Shoals:4)
  2 death knights
  8 spriggan air magi
  9 anacondas
  4 merfolk aquamancers
  61 two-headed ogres
  2 alligator snapping turtles (Shoals:4)
  A satyr (shapeshifter) (Vaults:5)
  A satyr (Shoals:4)
  2 deep troll earth magi
  A titan zombie (Vaults:3)
  10 deep troll shamans
  3 tengu warriors
  A hell hog (Depths:2)
  12 naga sharpshooters
  2 vampire magi
  2 orc high priests
  5 spriggan berserkers
  Urug (D:10)
  A deep elf knight (Vaults:2)
  Sonja (D:12)
  14 hell knights
  6 shock serpents
  A fire crab (shapeshifter) (D:15)
  A fire crab (Lair:6)
  6 salamander mystics
  8 iron trolls
  2 shadow wraiths
  A sixfirhy (Zot:4)
  9 sea snakes
  Nergalle (Lair:1)
  A golden dragon zombie (Depths:3)
  10 skeletal warriors
  A torturous demonspawn (Depths:2)
  21 deep trolls
  9 wizards
  A gelid demonspawn (Depths:2)
  8 deep elf archers
  5 flayed ghosts
  A lindwurm (Lair:6)
  3 glowing orange brains
  9 naga ritualists
  2 phantasmal warriors
  5 unseen horrors
  An obsidian statue (Vaults:4)
  A tengu zombie (Depths:3)
  A wolf spider zombie (D:15)
  A swamp dragon (shapeshifter) (Vaults:5)
  An orb spider (shapeshifter) (Vaults:1)
  12 orc knights
  Pikel (D:8)
  17 ironbrand convokers
  9 necromancers
  2 stone giant zombies (Vaults:2)
  10 mana vipers
  4 wolf spiders
  3 harpies (Shoals:1)
  An iron dragon zombie (Depths:3)
  A shadow dragon skeleton (Vaults:5)
  16 cyclopes
  4 oklob plants (Zot:1)
  4 manticores
  11 deep elf magi
  A sphinx skeleton (Depths:3)
  3 orc sorcerers
  38 ugly things
  A fire giant zombie (Depths:3)
  15 salamanders
  3 fauns (Shoals:1)
  A manticore (shapeshifter) (Vaults:2)
  A human skeleton (Vaults:5)
  A cyclops (shapeshifter) (Depths:4)
  9 moths of wrath
  4 merfolk sirens
  26 naga magi
  10 elephants (Lair:6)
  14 guardian serpents
  49 black mambas
  10 vault sentinels
  3 water nymphs
  A frost giant skeleton (Depths:2)
  An orange demon (D:13)
  3 smoke demons
  3 gargoyles
  2 kobold demonologists (D:14)
  13 spiny frogs
  6 freezing wraiths
  A hellion (Depths:2)
  A komodo dragon (shapeshifter) (Vaults:5)
  62 yaktaurs
  5 rime drakes
  A redback zombie (D:15)
  4 hellwings (Zot:5)
  5 tengu conjurers
  A yaktaur skeleton (Vaults:3)
  12 komodo dragons
  A jumping spider (shapeshifter) (Vaults:3)
  2 wind drakes
  A queen bee (shapeshifter) (Depths:5)
  A guardian mummy (Zot:4)
  9 polar bears (Lair:6)
  11 merfolk
  A tyrant leech (shapeshifter) (Vaults:3)
  2 polar bears (shapeshifter)
  A hippogriff (shapeshifter) (Vaults:5)
  19 trolls
  3 dream sheep
  8 hornets
  17 hippogriffs
  An ettin zombie (Vaults:3)
  A raiju (Lair:6)
  A spriggan zombie (Depths:2)
  26 slime creatures
  4 snapping turtles
  A meliai zombie (D:11)
  2 frost giant simulacra
  8 blink frogs
  2 redbacks (shapeshifter)
  14 air elementals
  2 shadows
  3 small abominations (Depths:1)
  A tarantella (Vaults:2)
  27 redbacks
  3 spriggans
  3 fire elementals (Depths:4)
  2 vampires
  An ettin skeleton (Vaults:3)
  18 wyverns
  A ynoxinul (Depths:3)
  58 yaks
  14 water elementals
  2 golden eyes (shapeshifter)
  5 hogs (Lair:5)
  7 wraiths
  10 basilisks (Lair:6)
  A neqoxec (D:13)
  5 vampire mosquitoes
  5 chaos spawn
  A hungry ghost (D:14)
  A deep troll zombie (Vaults:3)
  79 nagas
  14 wargs
  8 large abominations (Depths:1)
  A soldier ant (shapeshifter) (Vaults:1)
  A soldier ant (D:13)
  2 acid dragons
  25 water moccasins
  25 hell hounds
  A floating eye (Depths:3)
  A floating eye (shapeshifter) (Vaults:5)
  2 ice beasts (shapeshifter)
  6 porcupines
  A deep troll skeleton (Vaults:5)
  47 orc warriors
  4 sky beasts
  3 eyes of draining
  7 ice beasts
  64 ogres
  A phantom (D:4)
  13 black bears
  An ettin simulacrum (Vaults:2)
  An eye of draining (shapeshifter) (Depths:5)
  3 slaves (D:8)
  An ogre (shapeshifter) (Vaults:5)
  8 centaurs
  21 wolves
  4 boggarts (Vaults:3)
  5 big kobolds
  22 crocodiles
  A human zombie (Vaults:2)
  16 bullfrogs
  A gnoll sergeant (D:8)
  A glowing shapeshifter simulacrum (Vaults:3)
  A deep troll simulacrum (Vaults:2)
  A water moccasin zombie (D:9)
  2 wyvern skeletons
  5 scorpions
  19 killer bees
  An elf simulacrum (Vaults:2)
  14 wights
  5 electric eels
  A vampire bat (D:3)
  3 howler monkeys (D:11)
  9 crimson imps
  2 bullfrog zombies
  2 bullfrog skeletons
  25 jellies
  3 centaur skeletons
  A human simulacrum (Vaults:3)
  28 orc priests
  5 iron imps
  Jessica (D:3)
  2 hell rats (Lair:6)
  8 hounds
  9 worker ants
  Terence (D:3)
  2 iguanas
  32 orc wizards
  2 hound zombies
  A hound skeleton (D:4)
  A worker ant zombie (D:6)
  12 gnolls
  4 river rats (Lair:6)
  9 adders
  4 shadow imps
  14 white imps
  2 adder zombies (D:7)
  An adder skeleton (D:4)
  3 worms
  5 dart slugs
  4 leopard geckos
  128 orcs
  A ball python (D:3)
  6 bats
  6 bat skeletons (D:3)
  A bat zombie (D:3)
  4 giant cockroaches
  5 goblins
  9 hobgoblins
  12 jackals
  7 quokkas
  A ball python skeleton (D:5)
  3 frilled lizards
  A jackal zombie (D:5)
  18 kobolds
  A leopard gecko zombie (D:9)
  2 quokka skeletons (D:5)
  11 rats
  7 fungi
  13 plants
2355 creatures vanquished.

Vanquished Creatures (others)
  An ancient lich (Vaults:5)
  2 stone giants
  An ogre mage (Vaults:2)
  A merfolk aquamancer (Shoals:1)
  A two-headed ogre (Vaults:5)
  A shadow wraith (Vaults:2)
  A naga ritualist (Snake:4)
  A moth of wrath (Zot:5)
  A black mamba (Snake:1)
  2 yaktaurs
  A slave (D:8)
  A hungry ghost (D:8)
  A chaos spawn (Depths:1)
  A naga (Snake:4)
  An ogre (Vaults:2)
  A crimson imp (Depths:2)
  A hound (D:4)
  An orc wizard (D:8)
  A worker ant (D:4)
  4 orcs
  22 fungi
  28 plants
75 creatures vanquished.

Grand Total: 2430 creatures vanquished

Notes
Turn   | Place    | Note
-------+----------+-------------------------------------------
     0 | D:1      | Gorglomux the Hill Orc Chaos Knight began the quest for the Orb.
     0 | D:1      | Reached XP level 1. HP: 19/19 MP: 1/1
    76 | D:1      | XOM: harmless Conj miscast
   129 | D:1      | Reached XP level 2. HP: 27/27 MP: 2/2
   670 | D:1      | XOM: divination: magic mapping
   743 | D:1      | XOM: silly message
   861 | D:1      | Reached XP level 3. HP: 29/34 MP: 3/3
   958 | D:2      | Reached skill level 5 in Axes
  1034 | D:2      | XOM: divination: magic mapping
  1177 | D:2      | Reached XP level 4. HP: 39/41 MP: 4/4
  1362 | D:2      | Found a glowing golden altar of the Shining One.
  1392 | D:2      | Found a stormy altar of Qazlal.
  1447 | D:2      | XOM: harmless Erth miscast
  1507 | D:3      | Noticed Terence
  1513 | D:3      | XOM: potion effect (heal wounds)
  1522 | D:3      | XOM: smoke on damage
  1531 | D:3      | Killed Terence
  1531 | D:3      | Reached XP level 5. HP: 30/48 MP: 5/5
  1688 | D:3      | Found an ancient bone altar of Kikubaaqudgha.
  1688 | D:3      | XOM: 4-stop teleportation journey
  1704 | D:3      | Noticed Jessica
  1717 | D:3      | Killed Jessica
  1717 | D:3      | Reached skill level 6 in Axes
  1932 | D:3      | Reached skill level 6 in Fighting
  2018 | D:3      | Found a snail-covered altar of Cheibriados.
  2018 | D:3      | XOM: swap monsters
  2042 | D:3      | XOM: medium Tloc miscast
  2113 | D:3      | XOM: cleaving
  2121 | D:3      | Reached XP level 6. HP: 47/57 MP: 6/6
  2170 | D:3      | XOM: severe Chrm miscast
  2198 | D:3      | Found an iron altar of Okawaru.
  2249 | D:3      | Fell from the grace of Xom
  2249 | D:3      | Became a worshipper of Warmaster Okawaru
  2439 | D:4      | XOM: give mutations
  2439 | D:4      | Gained mutation: You are dopey. (Int -2) [Xom's mischief]
  2439 | D:4      | Gained mutation: Your body sometimes deteriorates upon taking damage. [Xom's mischief]
  2597 | D:4      | Found a staircase to the Ecumenical Temple.
  2620 | D:4      | Reached skill level 7 in Axes
  2643 | D:4      | Reached XP level 7. HP: 22/66 MP: 7/7
  2859 | D:4      | Found a shimmering altar of Xom.
  3001 | D:4      | XOM: give mutations
  3001 | D:4      | Gained mutation: You are very dopey. (Int -4) [Xom's mischief]
  3001 | D:4      | Gained mutation: You are clumsy. (Dex -2) [Xom's mischief]
  3004 | D:4      | Found a shattered altar of Ashenzari.
  3097 | D:4      | Reached skill level 8 in Axes
  3228 | D:4      | XOM: give mutation
  3228 | D:4      | Gained mutation: You possess an exceptional clarity of mind. [Xom's grace]
  3259 | D:4      | Reached * piety under Okawaru
  3326 | D:5      | Entered Level 5 of the Dungeon
  3578 | D:5      | XOM: give mutations
  3578 | D:5      | Lost mutation: You possess an exceptional clarity of mind. [Xom's mischief]
  3578 | D:5      | Gained mutation: You are very clumsy. (Dex -4) [Xom's mischief]
  3578 | D:5      | Gained mutation: You evolve. [Xom's mischief]
  3578 | D:5      | Lost mutation: Your body sometimes deteriorates upon taking damage. [Xom's mischief]
  3694 | D:5      | Found a basalt altar of Yredelemnul.
  3970 | D:5      | Reached XP level 8. HP: 75/75 MP: 8/8
  4132 | D:6      | Reached skill level 9 in Axes
  4220 | D:6      | Found a hide-covered altar of Uskayaw.
  4369 | D:6      | Reached skill level 9 in Fighting
  4549 | D:6      | Found a blossoming altar of Fedhas.
  4558 | D:6      | Reached ** piety under Okawaru
  4731 | D:6      | XOM: give mutations
  4731 | D:6      | Gained mutation: You are partially covered in large bone plates. (SH +4) [Xom's grace]
  4731 | D:6      | Gained mutation: You are partially covered in iridescent scales. (AC +2) [Xom's grace]
  4731 | D:6      | Gained mutation: You have sharp toenails. [Xom's grace]
  4731 | D:6      | Gained mutation: You have supernaturally acute eyesight. (SInv) [Xom's grace]
  4881 | D:7      | Reached skill level 10 in Axes
  4895 | D:7      | Noticed a hippogriff
  4910 | D:7      | Killed a hippogriff
  5039 | D:7      | XOM: mild Necr miscast
  5100 | D:7      | Reached XP level 9. HP: 42/85 MP: 7/9
  5109 | D:7      | Reached skill level 3 in Armour
  5118 | D:7      | Reached skill level 11 in Axes
  5227 | D:7      | XOM: give mutations
  5227 | D:7      | Lost mutation: You have supernaturally acute eyesight. (SInv) [Xom's mischief]
  5227 | D:7      | Lost mutation: You are partially covered in iridescent scales. (AC +2) [Xom's mischief]
  5227 | D:7      | Gained mutation: You are frail. (-10% HP) [Xom's mischief]
  5227 | D:7      | Lost mutation: You evolve. [Xom's mischief]
  5318 | D:7      | Noticed a troll
  5326 | D:7      | Killed a troll
  5852 | D:7      | Lost mutation: You are very dopey. (Int -4) [potion of mutation]
  5852 | D:7      | Lost mutation: You are frail. (-10% HP) [potion of mutation]
  5852 | D:7      | Lost mutation: You are partially covered in large bone plates. (SH +4) [potion of mutation]
  5852 | D:7      | Lost mutation: You are dopey. (Int -2) [potion of mutation]
  5852 | D:7      | Lost mutation: You are very clumsy. (Dex -4) [potion of mutation]
  5852 | D:7      | Lost mutation: You are clumsy. (Dex -2) [potion of mutation]
  5852 | D:7      | Gained mutation: Your system is resistant to poisons. (rPois) [potion of mutation]
  5852 | D:7      | Gained mutation: Your muscles are strong. (Str +2) [potion of mutation]
  5901 | D:7      | Reached *** piety under Okawaru
  6131 | D:8      | Reached skill level 12 in Axes
  6239 | D:8      | Reached skill level 6 in Armour
  6474 | D:7      | Reached XP level 10. HP: 15/93 MP: 8/10
  6474 | D:7      | Reached skill level 13 in Axes
  6479 | D:7      | Reached **** piety under Okawaru
  7000 | D:8      | Found a white marble altar of Elyvilon.
  7013 | D:8      | XOM: harmless Tloc miscast
  7017 | D:8      | Got a dazzling chain mail
  7025 | D:8      | XOM: silly message
  7028 | D:8      | Identified the +2 chain mail of Paranoia {rPois Int-5 SInv} (You found it on level 8 of the Dungeon)
  7103 | D:8      | XOM: harmless Hex miscast
  7106 | D:8      | HP: 4/93 [orc priest/divine providence (13)]
  7481 | D:8      | XOM: harmless Necr miscast
  7506 | D:8      | Found a radiant altar of Vehumet.
  7703 | D:8      | XOM: mild Summ miscast
  7725 | D:8      | Found a staircase to the Lair.
  7852 | D:8      | Noticed Pikel
  7869 | D:8      | Reached skill level 14 in Axes
  7871 | D:8      | Killed Pikel
  7871 | D:8      | Reached skill level 9 in Armour
  8251 | D:8      | XOM: give mutations
  8251 | D:8      | Lost mutation: Your muscles are strong. (Str +2) [Xom's mischief]
  8251 | D:8      | Gained mutation: You occasionally shout uncontrollably at your foes. [Xom's mischief]
  8251 | D:8      | Gained mutation: You have a pair of small antennae on your head. [Xom's mischief]
  8251 | D:8      | Gained mutation: Your flesh is cold resistant. (rC+) [Xom's mischief]
  8287 | D:8      | Reached ***** piety under Okawaru
  8287 | D:8      | Reached XP level 11. HP: 36/100 MP: 11/11
  8316 | D:8      | Noticed a two-headed ogre
  8553 | D:8      | Killed a two-headed ogre
  8553 | D:8      | Reached skill level 15 in Axes
  8755 | D:9      | XOM: 7-stop teleportation journey
  8846 | D:9      | Found a shadowy altar of Dithmenos.
  8971 | D:9      | Got a translucent morningstar
  8972 | D:9      | Identified the +10 morningstar of Coxiwk {crush, Int+5 Dex-5} (You found it on level 9 of the Dungeon)
  9000 | D:9      | Found a roughly hewn altar of Beogh.
  9000 | D:9      | Found a staircase to the Orcish Mines.
  9033 | D:9      | XOM: enchant monster (bad)
  9108 | D:9      | XOM: noise
  9325 | D:9      | Noticed an unseen horror
  9335 | D:9      | XOM: swap monsters
  9365 | D:9      | Killed an unseen horror
 10023 | D:9      | Noticed a three-headed hydra
 10030 | D:9      | Killed a one-headed hydra
 10210 | D:10     | Entered Level 10 of the Dungeon
 10259 | D:10     | Received a gift from Okawaru
 10455 | D:10     | XOM: give mutation
 10455 | D:10     | Lost mutation: You occasionally shout uncontrollably at your foes. [Xom's mischief]
 10524 | D:10     | Noticed an unseen horror
 10547 | D:10     | Killed an unseen horror
 10547 | D:10     | Reached skill level 16 in Axes
 10576 | D:10     | Noticed Urug
 10604 | D:10     | XOM: enchant monster (good)
 10614 | D:10     | Killed Urug
 10994 | D:10     | XOM: noise
 11317 | D:10     | Noticed a two-headed ogre
 11330 | D:10     | Killed a two-headed ogre
 11330 | D:10     | Reached XP level 12. HP: 52/112 MP: 10/12
 11441 | D:10     | Reached skill level 12 in Fighting
 11449 | D:10     | XOM: give mutations
 11449 | D:10     | Lost mutation: Your system is resistant to poisons. (rPois) [Xom's mischief]
 11449 | D:10     | Gained mutation: Scrolls take you a little longer to read. [Xom's mischief]
 11449 | D:10     | Lost mutation: Your flesh is cold resistant. (rC+) [Xom's mischief]
 11450 | D:10     | Lost mutation: Scrolls take you a little longer to read. [potion of mutation]
 11450 | D:10     | Lost mutation: You have a pair of small antennae on your head. [potion of mutation]
 11450 | D:10     | Lost mutation: You have sharp toenails. [potion of mutation]
 11450 | D:10     | Gained mutation: Your mind is acute. (Int +2) [potion of mutation]
 11450 | D:10     | Gained mutation: You have a pair of small antennae on your head. [potion of mutation]
 11450 | D:10     | Gained mutation: Your system is resistant to poisons. (rPois) [potion of mutation]
 11450 | D:10     | Gained mutation: You are robust. (+10% HP) [potion of mutation]
 11478 | D:10     | Reached skill level 1 in Invocations
 11586 | D:10     | XOM: mild Summ miscast
 11909 | D:11     | XOM: noise
 11920 | D:11     | Reached skill level 3 in Invocations
 11982 | D:11     | Found a flagged portal.
 12009 | Bailey   | Entered a bailey
 12420 | D:11     | XOM: noise
 12509 | D:11     | XOM: enchant monster (bad)
 12509 | D:11     | Was forgiven by Xom
 12581 | D:11     | Reached skill level 6 in Invocations
 12926 | D:11     | Reached skill level 9 in Invocations
 12948 | D:11     | Reached skill level 1 in Evocations
 13236 | D:11     | Received a gift from Okawaru
 13239 | D:11     | Reached skill level 3 in Evocations
 13688 | D:12     | Noticed Harold
 13696 | D:12     | Killed Harold
 13712 | D:12     | Noticed Sonja
 13714 | D:12     | Killed Sonja
 13974 | D:12     | Got a pair of encrusted gloves
 13985 | D:12     | Identified the +0 pair of gloves of Owat {Str+7 Slay-5} (You found it on level 12 of the Dungeon)
 14022 | D:12     | Found Adathaj's Antique Armour Boutique.
 14025 | D:12     | Bought a glowing hat for 238 gold pieces
 14036 | D:12     | Noticed a seven-headed hydra
 14042 | D:12     | Killed a four-headed hydra
 14042 | D:12     | Reached skill level 6 in Evocations
 14178 | D:12     | Reached XP level 13. HP: 78/129 MP: 12/19
 14370 | Lair:1   | Entered Level 1 of the Lair of Beasts
 14515 | Lair:1   | Received a gift from Okawaru
 14748 | Lair:1   | Noticed Nergalle
 14759 | Lair:1   | Killed Nergalle
 14817 | Lair:1   | Reached skill level 9 in Evocations
 15178 | Lair:1   | Reached skill level 1 in Dodging
 15649 | Lair:2   | Found a frozen archway.
 15850 | Lair:2   | Received a gift from Okawaru
 16086 | Lair:2   | Found a hazy altar of Hepliaklqana.
 16609 | Lair:3   | Found a staircase to the Shoals.
 16763 | Lair:3   | Reached skill level 3 in Dodging
 17423 | Lair:3   | Reached skill level 12 in Armour
 17820 | Lair:4   | Found a staircase to the Snake Pit.
 18318 | Lair:4   | Reached XP level 14. HP: 131/139 MP: 20/20
 18590 | Lair:5   | Found a viscous altar of Jiyva.
 18792 | Lair:5   | Found a shimmering altar of Xom.
 18901 | Lair:5   | Reached skill level 17 in Axes
 18938 | Lair:5   | Noticed Kirke
 18953 | Lair:5   | Killed Kirke
 19044 | Lair:5   | Identified a scroll of acquirement
 19047 | Lair:5   | Got a transparent executioner's axe
 19048 | Lair:5   | Identified the +5 executioner's axe of Bile {chop, rF+ rN+} (You acquired it on level 5 of the Lair of Beasts)
 19056 | Lair:5   | Found a staircase to the Slime Pits.
 19134 | Lair:5   | Received a gift from Okawaru
 19450 | Lair:6   | Entered Level 6 of the Lair of Beasts
 19450 | Lair:6   | Noticed Slowdrip's ghost (journeyman HaHu)
 19758 | Lair:6   | Killed Slowdrip's ghost
 20270 | Lair:6   | Reached ****** piety under Okawaru
 20737 | Lair:6   | Received a gift from Okawaru
 20764 | Lair:6   | Reached skill level 6 in Dodging
 21012 | Lair:6   | Reached XP level 15. HP: 102/151 MP: 21/21
 21030 | Lair:6   | Reached skill level 18 in Axes
 21080 | Lair:6   | Received a gift from Okawaru
 21722 | Lair:6   | Received a gift from Okawaru
 22435 | Lair:6   | Reached skill level 15 in Fighting
 23226 | D:13     | Noticed Nessos
 23237 | D:13     | Killed Nessos
 23251 | D:13     | Found Agenise's Antique Armour Shoppe.
 23269 | D:13     | Bought a pair of shimmering boots for 218 gold pieces
 23279 | D:13     | Identified the cursed +0 pair of boots "Tefeich" {rElec rN+ MR+ Int+4} (You bought it in a shop on level 13 of the Dungeon)
 23343 | D:13     | Found a gate to the Vaults.
 23474 | D:13     | Got a bound garnet amulet
 23711 | D:13     | Identified the amulet "Forget-Me-Not" {RegenMP rN+ Dex+5 Slay+2 Stlth-} (You found it on level 13 of the Dungeon)
 23737 | D:13     | Noticed Josephine
 23748 | D:13     | Killed Josephine
 23954 | D:14     | Noticed Patate's ghost (journeyman MiBe)
 23963 | D:14     | Killed Patate's ghost
 24235 | D:14     | Received a gift from Okawaru
 24531 | D:14     | Reached XP level 16. HP: 165/165 MP: 19/22
 24623 | D:14     | Found a sacrificial altar of Ru.
 24716 | D:14     | Reached skill level 19 in Axes
 24818 | D:15     | Entered Level 15 of the Dungeon
 25238 | D:15     | Received a gift from Okawaru
 25243 | D:15     | Got a brightly glowing great sword {god gift}
 25244 | D:15     | Identified the +10 great sword "Pendulum" {god gift, holy, rN+} (Okawaru gifted it to you on level 15 of the Dungeon)
 25556 | D:15     | Found a staircase to the Depths.
 25821 | D:15     | Reached skill level 15 in Armour
 26001 | Orc:1    | Entered Level 1 of the Orcish Mines
 26331 | Orc:1    | Received a gift from Okawaru
 26366 | Orc:1    | Got a faintly humming hat {god gift}
 26377 | Orc:1    | Identified the +1 hat "Viaga" {god gift, rC+} (Okawaru gifted it to you on level 1 of the Orcish Mines)
 26414 | Orc:1    | Found a roughly hewn altar of Beogh.
 26698 | Orc:2    | Entered Level 2 of the Orcish Mines
 26698 | Orc:2    | Found Zuetrar's Book Shoppe.
 26698 | Orc:2    | Found Kehuet's Antique Weapon Emporium.
 26698 | Orc:2    | Found Atairul's Gadget Emporium.
 26708 | Orc:1    | Reached skill level 9 in Dodging
 26833 | Orc:2    | Found Tuifugg's Weapon Boutique.
 26865 | Orc:2    | Bought a phial of floods for 480 gold pieces
 27082 | Orc:2    | Found a staircase to the Elven Halls.
 27445 | Orc:2    | Reached XP level 17. HP: 165/176 MP: 21/23
 27766 | Snake:1  | Entered Level 1 of the Snake Pit
 27766 | Snake:1  | Noticed Roxanne
 27846 | Snake:1  | Killed Roxanne
 27847 | Snake:1  | Identified Roxanne's Disquisition on Transmigration (You took it off Roxanne on level 1 of the Snake Pit)
 27918 | Snake:1  | Reached skill level 20 in Axes
 28117 | Snake:1  | Received a gift from Okawaru
 29374 | Snake:2  | Received a gift from Okawaru
 29449 | Snake:2  | Found Qiptalipn's Antique Armour Boutique.
 29450 | Snake:2  | Found Uxzeucw's Antique Armour Shop.
 29450 | Snake:2  | Found Totsua's Gadget Boutique.
 29454 | Snake:2  | Found Fekhlycon's General Store.
 29536 | Snake:2  | Bought a potion of heal wounds for 85 gold pieces
 29536 | Snake:2  | Bought a scroll of fog for 34 gold pieces
 30413 | Snake:3  | Received a gift from Okawaru
 30760 | Snake:3  | Received a gift from Okawaru
 30773 | Snake:3  | Reached XP level 18. HP: 131/188 MP: 24/24
 31291 | Snake:3  | Reached skill level 21 in Axes
 31495 | Snake:4  | Entered Level 4 of the Snake Pit
 31617 | Snake:4  | Reached skill level 18 in Fighting
 32754 | Snake:4  | Received a gift from Okawaru
 33012 | Snake:4  | Noticed Vashnia
 33041 | Snake:4  | Reached XP level 19. HP: 199/199 MP: 22/25
 33079 | Snake:4  | Got a serpentine rune of Zot
 33462 | Shoals:1 | Entered Level 1 of the Shoals
 33466 | Shoals:1 | Received a gift from Okawaru
 33633 | Shoals:1 | Found Efum's Magic Scroll Shop.
 33684 | Shoals:1 | Bought a scroll of enchant weapon for 112 gold pieces
 33685 | Shoals:1 | Bought a scroll of acquirement for 780 gold pieces
 33685 | Shoals:1 | Bought a scroll of teleportation for 45 gold pieces
 33685 | Shoals:1 | Bought a scroll of fear for 52 gold pieces
 33703 | Shoals:1 | Got a pair of heavily runed boots
 33714 | Shoals:1 | Identified the +5 pair of boots of Wrong Decisions {rCorr} (You acquired it on level 1 of the Shoals)
 34069 | Shoals:2 | Bought a scroll of holy word for 120 gold pieces
 34069 | Shoals:2 | Bought a scroll of magic mapping for 56 gold pieces
 34069 | Shoals:2 | Bought a scroll of magic mapping for 56 gold pieces
 34069 | Shoals:2 | Bought a scroll of teleportation for 48 gold pieces
 34087 | Shoals:2 | Bought a scroll of summoning for 152 gold pieces
 34197 | Shoals:4 | Entered Level 4 of the Shoals
 34467 | Shoals:4 | Reached skill level 22 in Axes
 34517 | Shoals:4 | Received a gift from Okawaru
 34528 | Shoals:4 | Got an ichor-stained crystal plate armour {god gift}
 34543 | Shoals:4 | Identified the +0 crystal plate armour "Emidutytt" {god gift, MR+ Str+3 Int-2 Stlth+} (Okawaru gifted it to you on level 4 of the Shoals)
 34621 | Shoals:4 | Got a barnacled rune of Zot
 34975 | Vaults:1 | Entered Level 1 of the Vaults
 35258 | Vaults:1 | Reached skill level 12 in Dodging
 35306 | Vaults:1 | Reached skill level 18 in Armour
 35794 | Vaults:1 | Noticed Aizul
 35810 | Vaults:1 | Killed Aizul
 35979 | Vaults:1 | Received a gift from Okawaru
 36340 | Vaults:1 | Reached XP level 20. HP: 212/212 MP: 26/26
 36833 | Vaults:2 | Found Fukicom's Food Boutique.
 37507 | Vaults:2 | Noticed a Brimstone Fiend
 37512 | Vaults:2 | Received a gift from Okawaru
 37520 | Vaults:2 | Identified the -2 cloak of the Pure Continents {god gift, +Fly MR- Str+6 Slay+4} (Okawaru gifted it to you on level 2 of the Vaults)
 37645 | Vaults:2 | Reached skill level 23 in Axes
 38208 | Vaults:3 | Found a staircase to the Crypt.
 38208 | Vaults:3 | Found an ancient bone altar of Kikubaaqudgha.
 38209 | Vaults:3 | Found a basalt altar of Yredelemnul.
 38513 | Vaults:3 | Noticed Bai Suzhen
 38530 | Vaults:3 | Killed Bai Suzhen
 38543 | Vaults:3 | Noticed Boris
 38563 | Vaults:3 | Killed Boris
 38777 | Vaults:3 | Reached XP level 21. HP: 220/222 MP: 27/27
 38832 | Vaults:3 | Received a gift from Okawaru
 39475 | Vaults:4 | Noticed Mennas
 39518 | Vaults:4 | Killed Mennas
 39518 | Vaults:4 | Reached skill level 21 in Fighting
 39962 | Vaults:4 | Received a gift from Okawaru
 40611 | Depths:1 | Entered Level 1 of the Depths
 40661 | Depths:1 | Found Virphopn's Serpentskin Sales.
 40999 | Depths:1 | Reached skill level 24 in Axes
 41255 | Depths:1 | Received a gift from Okawaru
 41290 | Depths:1 | Reached XP level 22. HP: 234/234 MP: 28/28
 41466 | Depths:1 | Found a one-way gate to the infinite horrors of the Abyss.
 41789 | Depths:1 | Found a gateway to Hell.
 41957 | Depths:2 | Noticed a juggernaut
 41979 | Depths:2 | Killed a juggernaut
 42125 | Depths:2 | Noticed Saint Roka
 42216 | Depths:2 | Killed Saint Roka
 42334 | Depths:2 | Found a gateway to a ziggurat.
 42437 | Depths:2 | Found a one-way gate leading to the halls of Pandemonium.
 42812 | Depths:3 | Noticed a golden dragon
 42835 | Depths:3 | Killed a golden dragon
 42835 | Depths:3 | Received a gift from Okawaru
 43090 | Depths:3 | Reached XP level 23. HP: 206/245 MP: 22/29
 43239 | Depths:3 | Reached skill level 25 in Axes
 43852 | Depths:4 | Received a gift from Okawaru
 44052 | Depths:4 | Reached skill level 15 in Dodging
 44362 | Depths:4 | Found a portal to a secret trove of treasure.
 44941 | Depths:5 | Entered Level 5 of the Depths
 45091 | Depths:5 | Reached skill level 21 in Armour
 45349 | Depths:5 | Received a gift from Okawaru
 45390 | Depths:5 | Received a gift from Okawaru
 45397 | Depths:5 | Identified the +6 battleaxe "Gukluc" {god gift, venom, Stlth+} (Okawaru gifted it to you on level 5 of the Depths)
 45656 | Depths:5 | Reached XP level 24. HP: 258/258 MP: 23/29
 45660 | Depths:5 | Noticed a caustic shrike
 45660 | Depths:5 | Noticed a caustic shrike
 45661 | Depths:5 | Noticed a caustic shrike
 45662 | Depths:5 | Noticed a caustic shrike
 45665 | Depths:5 | Noticed a caustic shrike
 45669 | Depths:5 | Killed a caustic shrike
 45670 | Depths:5 | Killed a caustic shrike
 45679 | Depths:5 | Killed a caustic shrike
 45682 | Depths:5 | Killed a caustic shrike
 45688 | Depths:5 | Killed a caustic shrike
 46042 | Depths:5 | Received a gift from Okawaru
 46043 | Depths:5 | Found a gate to the Realm of Zot.
 46046 | Depths:5 | Reached skill level 26 in Axes
 46784 | Vaults:5 | Entered Level 5 of the Vaults
 46796 | Vaults:5 | Received a gift from Okawaru
 47049 | Vaults:5 | Reached XP level 25. HP: 267/269 MP: 28/29
 47160 | Vaults:5 | Reached skill level 24 in Fighting
 47195 | Vaults:5 | Noticed an ancient lich
 47211 | Vaults:5 | Killed an ancient lich
 47404 | Vaults:5 | Got a silver rune of Zot
 47525 | Vaults:5 | Noticed an ancient lich
 47534 | Vaults:5 | Received a gift from Okawaru
 47571 | Vaults:5 | Killed an ancient lich
 47616 | Vaults:5 | Found Ziaff's General Store.
 47622 | Vaults:5 | Bought a potion of haste for 120 gold pieces
 47622 | Vaults:5 | Bought a scroll of enchant armour for 90 gold pieces
 47622 | Vaults:5 | Bought a potion of might for 48 gold pieces
 47843 | Vaults:5 | Reached skill level 27 in Axes
 48039 | Vaults:5 | Noticed Margery
 48057 | Vaults:5 | Killed Margery
 48057 | Vaults:5 | Received a gift from Okawaru
 48392 | Vaults:5 | Identified the cursed +0 plate armour of the Will of the Gods {rElec rPois rN+} (You found it on level 5 of the Vaults)
 48404 | Vaults:5 | Got a wavering tin ring
 48408 | Vaults:5 | Identified the cursed ring of Syndicalism {rF+ Int-3 Dex+3} (You found it on level 5 of the Vaults)
 48434 | Vaults:5 | Got a bound steel ring
 48585 | Vaults:5 | Identified the ring of Aniopat {*Tele rC+ rN+ Str+6} (You took it off an ogre mage on level 5 of the Vaults)
 49173 | Depths:5 | Reached XP level 26. HP: 281/281 MP: 29/29
 49209 | Zot:1    | Entered Level 1 of the Realm of Zot
 50724 | Zot:2    | Received a gift from Okawaru
 51261 | Zot:5    | Entered Level 5 of the Realm of Zot
 51574 | Zot:5    | Reached skill level 18 in Dodging
 51880 | Zot:5    | Noticed an orb of fire
 51897 | Zot:5    | Killed an orb of fire
 51897 | Zot:5    | Reached skill level 24 in Armour
 51897 | Zot:5    | Reached XP level 27. HP: 289/294 MP: 29/29
 51925 | Zot:5    | Received a gift from Okawaru
 51932 | Zot:5    | Identified the +10 battleaxe of the Tundras {god gift, chop, Str+2} (Okawaru gifted it to you on level 5 of the Realm of Zot)
 51939 | Zot:5    | Noticed an ancient lich
 51946 | Zot:5    | Killed an ancient lich
 51948 | Zot:5    | Noticed an orb of fire
 51948 | Zot:5    | Noticed an ancient lich
 51963 | Zot:5    | Killed an ancient lich
 51968 | Zot:5    | Noticed an orb of fire
 51968 | Zot:5    | Killed an orb of fire
 51969 | Zot:5    | Gained mutation: Your body sometimes deteriorates upon taking damage. [an orb of fire]
 51976 | Zot:5    | Noticed an ancient lich
 51978 | Zot:5    | Killed an orb of fire
 51985 | Zot:5    | Noticed an orb of fire
 51991 | Zot:5    | Killed an ancient lich
 51998 | Zot:5    | Killed an orb of fire
 52275 | Zot:5    | Noticed an orb of fire
 52278 | Zot:5    | Gained mutation: Armour fits poorly on your strangely shaped body. [an orb of fire]
 52292 | Zot:5    | Noticed an orb of fire
 52298 | Zot:5    | Gained mutation: Scrolls take you a little longer to read. [an orb of fire]
 52304 | Zot:5    | Killed an orb of fire
 52316 | Zot:5    | Lost mutation: You are robust. (+10% HP) [an orb of fire]
 52319 | Zot:5    | Killed an orb of fire
 52339 | Zot:5    | Lost mutation: Your body sometimes deteriorates upon taking damage. [potion of mutation]
 52339 | Zot:5    | Lost mutation: Your mind is acute. (Int +2) [potion of mutation]
 52339 | Zot:5    | Lost mutation: Scrolls take you a little longer to read. [potion of mutation]
 52339 | Zot:5    | Lost mutation: You have a pair of small antennae on your head. [potion of mutation]
 52339 | Zot:5    | Gained mutation: You have a somewhat thin skeletal structure. (Dex +2, Stealth) [potion of mutation]
 52339 | Zot:5    | Gained mutation: You have a beak for a mouth. [potion of mutation]
 52340 | Zot:5    | Lost mutation: You have a somewhat thin skeletal structure. (Dex +2, Stealth) [potion of mutation]
 52340 | Zot:5    | Lost mutation: You have a beak for a mouth. [potion of mutation]
 52340 | Zot:5    | Lost mutation: Your system is resistant to poisons. (rPois) [potion of mutation]
 52340 | Zot:5    | Lost mutation: Armour fits poorly on your strangely shaped body. [potion of mutation]
 52340 | Zot:5    | Gained mutation: You are partially covered in large bone plates. (SH +4) [potion of mutation]
 52340 | Zot:5    | Gained mutation: You evolve. [potion of mutation]
 52409 | Zot:5    | Received a gift from Okawaru
 52501 | Zot:5    | Noticed an ancient lich
 52512 | Zot:5    | Killed an ancient lich
 52690 | Zot:5    | Got the Orb of Zot
 52748 | Zot:5    | Noticed Get Oso the pandemonium lord
 52752 | Zot:5    | Noticed an ancient lich
 52760 | Zot:5    | Noticed an orb of fire
 52974 | Zot:2    | Noticed Tuamomad the pandemonium lord
 52983 | Zot:1    | Gained mutation: You have a pair of small antennae on your head. [evolution]
 53276 | Depths:1 | Received a gift from Okawaru
 53308 | Depths:1 | Noticed Reklonn the pandemonium lord
 53364 | D:15     | Noticed Lapiul the pandemonium lord
 53817 | D:$      | Escaped with the Orb!

Vault maps used:
D:1:      lightli_arrival_quake
D:2:      old_standard_altar, nicolae_overflow_crystal_walls, first_bread
D:3:      overflow_temple_1_default, kennysheep_slug_shrine,
          kennysheep_vampire_church, kennysheep_another_room, uniq_jessica,
          uniq_terence
D:4:      xom_confusion_cloud, nicolae_ashenzari_panopticon,
          minmay_temple_entry_butterflies
D:5:      yredelemnul_altar_generic
D:6:      lemuel_crystal_altar, kennysheep_little_box
D:8:      vehumet_crystals, elyvilon_altar_5, erik_lair_orcish_takeover,
          uniq_pikel
D:9:      grunt_dithmenos_smoke_and_mirrors, david_orc_5, hangedman_ranch
D:10:     uniq_urug
D:11:     enter_bailey_1, eino_tiny_chamber
D:12:     serial_shops, kennysheep_mini, kennysheep_flooded_box, uniq_harold,
          uniq_sonja
D:13:     david_vaults_5, serial_shops, shop, uniq_josephine, uniq_nessos
D:14:     hangedman_ru_absence
D:15:     grunt_enter_depths_hoard, serial_bayou_ford_a
Lair:1:   uniq_nergalle
Lair:2:   basic_altar, portal_ice_cave_entry_imps
Lair:3:   elwin_shoals_entry_rooms
Lair:4:   minmay_snake_entry_spellcaster
Lair:5:   slime_altar_1, basic_altar, uniq_kirke
Lair:6:   hangedman_lair_caniforms_friends, hangedman_lair_tendril_chambers,
          special_room, kennysheep_abandoned_house, serial_bayou_shore_a
Shoals:1: serial_shops, shop, shop_fountains, shop_fountains
Shoals:2: serial_shops, shop
Shoals:3: uniq_jorgrun
Shoals:4: shoals_end_simple, shoals_ilsuiw_ice
Snake:1:  spider_trap, uniq_roxanne
Snake:2:  minmay_shoptagon
Snake:3:  nicolae_snake_hallway, spider_trap, grunt_ministairs_10,
          nicolae_coiled_stairwell_up
Snake:4:  johnstein_snake_rune_scales, serial_shops, shop, grunt_megastairs_2
Orc:1:    minmay_orc_temple_c
Orc:2:    st_orc_open
Vaults:1: dpeg_vaults_monster_box, nicolae_vaults_display_case, v_rooms_5,
          hangedman_vaults_stream, ontoclasm_vaults_shuriken,
          nicolae_vaults_alarming, nicolae_vaults_gold_heap,
          vaults_room_grunt_arrival_ludios, nicolae_vaults_asterisk, uniq_aizul
Vaults:2: ontoclasm_vaults_hangar, nicolae_vaults_twisting_passages,
          hangedman_vaults_impose, nicolae_vaults_angled_halls,
          nicolae_vaults_theta, nicolae_vaults_quartermaster, vaults_dpeg_doors,
          ontoclasm_vaults_gateway, hangedman_vaults_nodes,
          ontoclasm_vaults_fault, serial_shops, shop
Vaults:3: grunt_vaults_funnel, hangedman_vaults_restitches,
          minmay_crypt_entry_necro_gods, v_rooms_6, ontoclasm_vaults_bender,
          vaults_room_octagon, v_misc_22, grunt_vaults_trifunnel,
          grunt_vaults_swirl, nicolae_vaults_little_ls, vaults_room_semicircle,
          v_misc_18, hangedman_vaults_stretched_pinwheel,
          vaults_room_semicircle, uniq_bai_suzhen, uniq_boris
Vaults:4: vaults_room_pool, v_misc_8, nicolae_vaults_network_quinsquares,
          v_misc_29, v_misc_14, nicolae_vaults_statue_guard, v_alt_pattern_6,
          nicolae_vaults_shelves_hall, vaults_mumra_chevron_long,
          nicolae_vaults_little_squares_3, uniq_mennas
Vaults:5: serial_shops, uniq_margery
Depths:1: minmay_misc_feat_square, minmay_room_of_horrors, hell_entry,
          guppyfry_shop_venom
Depths:2: hangedman_cross_stitches, enter_ziggurat_f, minivault_14,
          grunt_hell_horde, grunt_pan_entry_spiral, uniq_saint_roka
Depths:3: minmay_crescents, abyss_entry, grunt_decor_mini_mirrors, hell_entry,
          rand_demon_pan_entry_4, spider_trap, basic_stair_grate_trap,
          infiniplex_staircase_zigzag_1
Depths:4: mu_elemental_laboratory, nicolae_trove_entry_crossroad,
          minmay_misc_feat_roman, grunt_hell_entry_dis_old, abyss_entry
Depths:5: grunt_runaround, hell_entry
Zot:1:    lemuel_acid_trip
Zot:2:    hangedman_orp_of_zott
Zot:4:    hangedman_player_shredder
Bailey:   bailey_polearm_1, bailey

Skill      XL: |  1  2  3  4  5  6  7  8  9 10 11 12 13 14 15 16 17 18 19 20 21 22 23 24 25 26 27 |
---------------+----------------------------------------------------------------------------------+-----
Fighting       | 4 5 6 7 8 10 11 12 14 15 16 17 18 19 20 21 22 23 24 25 26 | 26.7
Axes           | 5 6 7 8 10 12 14 16 17 18 19 20 21 22 23 24 25 26 27 | 27.0
Armour         | 6 9 11 12 13 14 15 16 17 18 19 20 21 22 23 24 | 24.8
Invocations    | 9 |  9.3
Evocations     | 6 9 11 | 11.8
Dodging        | 3 6 8 9 10 11 12 13 14 15 16 17 18 | 18.9

Action                   |  1- 3 |  4- 6 |  7- 9 | 10-12 | 13-15 | 16-18 | 19-21 | 22-24 | 25-27 || total
-------------------------+-------+-------+-------+-------+-------+-------+-------+-------+-------++-------
Melee: Hand axe          |    89 |   140 |       |    16 |       |       |       |       |       ||   245
       War axe           |       |    24 |   323 |   764 |       |       |       |       |       ||  1111
       Punch             |       |       |     1 |     4 |       |       |       |       |       ||     5
       Morningstar       |       |       |       |     4 |       |       |       |       |       ||     4
       Battleaxe         |       |       |       |    41 |  1023 |  1125 |  1421 |  1395 |  1367 ||  6372
       Executioner's axe |       |       |       |       |    22 |       |       |       |       ||    22
Throw: Javelin           |       |       |       |       |       |       |       |       |     3 ||     3
Invok: Heroism           |       |       |    11 |    29 |    13 |    21 |    27 |    17 |    26 ||   144
       Finesse           |       |       |       |     2 |     1 |     4 |     7 |     9 |    14 ||    37
Evoke: Wand              |       |       |     2 |     7 |     2 |       |     5 |     1 |    21 ||    38
       Lamp of fire      |       |       |       |       |       |     1 |     1 |     1 |       ||     3
       Phial of floods   |       |       |       |       |       |     1 |       |       |     2 ||     3
  Use: Scroll            |     3 |       |    11 |     3 |    26 |     8 |    20 |    13 |    30 ||   114
       Potion            |       |     2 |     5 |     3 |       |     1 |     2 |     4 |    22 ||    39
 Stab: Petrified         |     3 |       |       |     2 |       |       |       |       |       ||     5
       Paralysed         |       |     2 |       |       |       |       |       |     1 |     5 ||     8
       Sleeping          |       |     1 |       |       |       |       |       |       |       ||     1
       Confused          |       |       |     1 |       |       |       |       |       |     3 ||     4
       Distracted        |       |       |       |       |       |       |       |     2 |     1 ||     3
  Eat: Chunk             |     1 |     5 |    12 |    22 |    40 |    11 |    18 |    13 |     7 ||   129
       Meat ration       |       |       |       |     1 |       |       |     2 |       |     5 ||     8
       Fruit             |       |       |       |       |       |    25 |       |       |       ||    25
       Royal jelly       |       |       |       |       |       |       |     5 |       |       ||     5
Armor: Leather armour    |    40 |    80 |   134 |       |       |       |       |       |       ||   254
       Skin              |       |       |     4 |     4 |       |       |       |       |       ||     8
       Chain mail        |       |       |       |   298 |       |       |       |       |       ||   298
       Plate armour      |       |       |       |   168 |   697 |   591 |   614 |   565 |   308 ||  2943
       Crystal plate arm |       |       |       |       |       |       |     2 |       |       ||     2
       Gold dragon scale |       |       |       |       |       |       |       |       |   253 ||   253
Dodge: Dodged            |    64 |    97 |   186 |   281 |   457 |   657 |   722 |   748 |   766 ||  3978
Block: Other             |       |       |    15 |       |     6 |   103 |   279 |   274 |   266 ||   943
       Buckler           |       |       |       |    53 |       |       |       |       |       ||    53
       Reflection        |       |       |       |       |       |     8 |    39 |    20 |     7 ||    74
